 Dungeon Crawl Stone Soup version 0.27-a0-412-g8dd771eca2 (webtiles) character file.

Game seed: 15496273441561189182

80151 rednaxela the Thaumaturge (level 15, 0/75 (77) HPs)
             Began as a Spriggan Enchanter on Feb 23, 2021.
             Was an Elder of Sif Muna.
             Killed by vampiric draining
             ... invoked by Josephine
              (18 damage)
             ... on level 1 of the Orcish Mines.
             The game lasted 02:18:32 (40883 turns).

rednaxela the Thaumaturge (Spriggan Enchanter)     Turns: 40883, Time: 02:18:32

HP:   0/75 (77)     AC:  6    Str:  3    XL:     15   Next: 23%
MP:   27/33         EV: 29    Int: 28    God:    Sif Muna [****..]
Gold: 1165          SH:  5    Dex: 16    Spells: 11/41 levels left

rFire    . . .     SeeInvis +   a - +6 rapier (flame)
rCold    . . .     Faith    .   (shield restricted)
rNeg     . . .     Spirit   .   f - +0 robe
rPois    +         Reflect  +   (helmet restricted)
rElec    .         Harm     .   P - +2 cloak {rPois}
rCorr    .         Rampage  .   (gloves unavailable)
Will     +++..                  (boots unavailable)
Stlth    ++++......             z - amulet of reflection
HPRegen  0.22/turn              s - +4 ring of evasion
MPRegen  0.23/turn              y - +6 ring of intelligence

@: studying Long Blades, lightly drained, very quick
A: very small, unfitting armour, icy blue scales 1, see invisible, blink,
deformed body, speed 3, strong-willed 1, weak 1, no potion heal 1
a: Blink, Renounce Religion, Channel Magic, Forget Spell, Divine Exegesis


You were on level 1 of the Orcish Mines.
You worshipped Sif Muna.
Sif Muna was greatly pleased with you.
You visited 3 branches of the dungeon, and saw 21 of its levels.
You also visited: Gauntlet.

You collected 1935 gold pieces.
You spent 770 gold pieces at shops.

Inventory:

Hand Weapons
 a - a +6 rapier of flaming (weapon)
   (You found it on level 6 of the Dungeon)
Missiles
 F - 11 curare-tipped darts (quivered)
 M - a throwing net {!f}
Armour
 f - a +0 robe (worn)
 P - a +2 cloak of poison resistance (worn)
   (You bought it in a shop on level 5 of the Dungeon)
Magical Staves
 D - a staff of air
   (You found it on level 7 of the Dungeon)
Jewellery
 h - an amulet of regeneration
   (You found it on level 1 of the Dungeon)
 j - a ring of fire
   (You found it on level 3 of the Dungeon)
 s - a +4 ring of evasion (left hand)
   (You found it on level 4 of the Dungeon)
 u - a ring of positive energy
   (You found it on level 5 of the Dungeon)
 v - a ring of flight
   (You found it on level 7 of the Dungeon)
 y - a +6 ring of intelligence (right hand)
   (You found it in a Gauntlet)
 z - an amulet of reflection (around neck)
   (You found it on level 7 of the Dungeon)
Wands
 g - a wand of polymorph (13)
   (You found it on level 1 of the Lair of Beasts)
 w - a wand of flame (25) {@v4}
   (You found it on level 8 of the Dungeon)
 B - a wand of acid (29) {@v1}
   (You found it in a Gauntlet)
 E - a wand of iceblast (21) {@v2}
   (You took it off Joseph on level 7 of the Dungeon)
 J - a wand of paralysis (33)
   (You found it on level 5 of the Lair of Beasts)
 N - a wand of mindburst (9)
   (You found it on level 3 of the Lair of Beasts)
Scrolls
 d - a scroll of summoning
 e - 11 scrolls of teleportation {@r3 !r}
 k - 2 scrolls of blinking {@r4}
 n - 5 scrolls of immolation
 o - 2 scrolls of magic mapping {@r5 !r}
 C - 2 scrolls of torment
 G - 5 scrolls of fog {!r}
 I - 3 scrolls of silence
 K - 2 scrolls of fear {!r}
Potions
 b - a potion of lignification {@q5}
 c - 2 potions of brilliance
 l - 3 potions of flight
 p - 3 potions of heal wounds {@q2 !q}
 q - a potion of invisibility {!q}
 r - 4 potions of haste {@q4 !q}
 t - 7 potions of curing {@q1 !q}
 A - a potion of ambrosia {!q}
 H - 3 potions of magic {!q}
Miscellaneous
 L - a lightning rod (inert)
   (You found it on level 1 of the Lair of Beasts)


   Skills:
 - Level 8.0 Fighting
 - Level 8.4 Short Blades
 - Level 10.0 Dodging
 - Level 10.0 Stealth
 - Level 13.5 Spellcasting
 - Level 10.0 Hexes
 - Level 8.0 Transmutations
 + Level 11.5 Earth Magic
 - Level 6.0 Poison Magic
 - Level 8.0 Invocations
 - Level 10.0 Evocations


You had 11 spell levels left.
You knew the following spells:

 Your Spells              Type           Power        Failure   Level
a - Stone Arrow           Conj/Erth      100%         1%          3
b - Ensorcelled Hibernat  Hex/Ice        92%          1%          2
c - Confusing Touch       Hex            66%          1%          3
d - Tukima's Dance        Hex            66%          1%          3
e - Yara's Violent Unrav  Hex/Tmut       31%          1%          5
f - Lee's Rapid Deconstr  Erth           35%          1%          5
g - Borgnjor's Vile Clut  Necr/Erth      25%          8%          5
p - Petrify               Tmut/Erth      65%          1%          4

Your spell library contained the following spells:

 Spells                   Type           Power        Failure   Level
 Beastly Appendage        Tmut           100%         1%          1
 Corona                   Hex            73%          1%          1
 Poisonous Vapours        Pois/Air       70%          1%          2
 Slow                     Hex            66%          1%          2
 Wereblood                Tmut           59%          1%          2
 Dazzling Flash           Conj/Hex       92%          1%          3
 Ignite Poison            Fire/Tmut/Pois 45%          1%          3
 Inner Flame              Hex/Fire       46%          1%          3
 Portal Projectile        Hex/Tloc       92%          1%          3
 Spider Form              Tmut/Pois      27%          1%          3
 Cause Fear               Hex            33%          1%          4
 Leda's Liquefaction      Hex/Erth       34%          1%          4
 Foxfire                  Conj/Fire      72%          2%          1
 Freeze                   Ice            72%          2%          1
 Animate Armour           Summ/Erth      100%         2%          4
 Mephitic Cloud           Conj/Pois/Air  30%          3%          3
 Blade Hands              Tmut           29%          3%          5
 Corpse Rot               Necr/Air       N/A          4%          2
 Ice Form                 Ice/Tmut       41%          5%          4
 Conjure Flame            Conj/Fire      18%          9%          3
 Frozen Ramparts          Ice            36%          9%          3
 Gell's Gravitas          Tloc           9%           9%          3
 Ozocubu's Armour         Ice            18%          9%          3
 Metabolic Englaciation   Hex/Ice        23%          10%         5
 Silence                  Hex/Air        23%          10%         5
 Irradiate                Conj/Tmut      20%          16%         5
 Hydra Form               Tmut           29%          16%         6
 Eringya's Noxious Bog    Tmut/Pois      27%          24%         6
 Hailstorm                Conj/Ice       18%          28%         4
 Sticky Flame             Conj/Fire      18%          28%         4
 Summon Ice Beast         Ice/Summ       18%          28%         4
 Fireball                 Conj/Fire      9%           61%         5
 Summon Forest            Summ/Tloc      9%           61%         5
 Shadow Creatures         Summ           N/A          99%         6
 Summon Hydra             Summ           9%           100%        7
 Lehudib's Crystal Spear  Conj/Erth      25%          100%        8


Dungeon Overview and Level Annotations

Branches:
Dungeon (13/15)            Temple (0/1) D:7            Lair (6/6) D:11
  Swamp (0/4) Lair:4        Snake (0/4) Lair:3        Slime (0/5) Lair:5
    Orc (2/2) D:10        Gauntlet (visited)
    Elf: Orc:2       Vaults: D:13-14

Altars:
Ashenzari
Cheibriados
Dithmenos
Gozag
Hepliaklqana
Kikubaaqudgha
Nemelex Xobeh
Okawaru
Ru
Sif Muna
Trog
Uskayaw
Vehumet
Wu Jian
Xom
Yredelemnul
Zin
Jiyva

Shops:
D:5 *

Annotations:
Lair:6 3 runed translucent doors, exclusion: jelly
Orc:1 Josephine


Innate Abilities, Weirdness & Mutations

You are very small and have problems with some larger weapons.
You are too small for most types of armour.
You have supernaturally acute eyesight. (SInv)
You cover ground extremely quickly.
You are partially covered in icy blue scales. (AC +2)
You can translocate small distances at will.
Armour fits poorly on your strangely shaped body.
You are strong-willed. (Will+)
You are weak. (Str -2)
Potions are less effective at restoring your health.


Message History

Items here: ))) [[.
There is a stone staircase leading down, spattered with blood here.
Items here: )) [[.
You climb downwards.
Level annotation: Josephine Josephine grins malevolently.
There is a stone staircase leading up, spattered with blood here.
The orc sorcerer gestures wildly while chanting.
The gnoll misses you. The orc wizard completely misses you.
You hear a shout!
You climb upwards.
There is a stone staircase leading down, spattered with blood here.
Items here: )) [[.
Casting: Stone Arrow (safe; 1% risk of failure)
Confirm with . or Enter, or press ? or * to list all spells.
Aiming: Ensorcelled Hibernation (safe; 1% risk of failure)
Press: ? - help, Shift-Dir - straight line, f - orc wizard
Aim: an orc wizard, wielding a +0 dagger and wearing a +0 robe (chance to affect: 71%)
The orc wizard struggles to resist.
The orc wizard closely misses you.
Casting: Ensorcelled Hibernation (safe; 1% risk of failure)
Confirm with . or Enter, or press ? or * to list all spells.
Aiming: Ensorcelled Hibernation (safe; 1% risk of failure)
Press: ? - help, Shift-Dir - straight line, f/p - orc wizard
Aim: an orc wizard, wielding a +0 dagger and wearing a +0 robe (chance to affect: 71%)
The orc wizard looks drowsy...
The helpless orc wizard fails to defend itself.
You skewer the orc wizard like a kebab!!!
You burn the orc wizard.
You kill the orc wizard!
Items here: ))) [[ †.
There is a stone staircase leading down, spattered with blood here.
Items here: )) [[.
You start resting.
Magic restored.
You climb downwards.
Level annotation: Josephine The orc closely misses you.
The ice devil misses you.
An orc high priest comes into view. It is wielding a +0 short sword.
There is a stone staircase leading up, spattered with blood here.
The orc warrior shouts!
You hit the ice devil but do no damage. The orc completely misses you.
Josephine casts a spell at you.
The ghostly flame explodes!
The ghostly fireball engulfs you!
You feel drained.
The ghostly fireball engulfs the ice devil.
The ice devil completely resists.
The ice devil completely misses you.
The orc high priest prays to Beogh.
You hear a shout!
Aiming: Thunderbolt
Press: ? - help, Shift-Dir - straight line The thunderbolt hits the orc sorcerer!
The orc sorcerer is moderately wounded.
The thunderbolt hits Josephine!
Josephine is lightly wounded.
The orc completely misses you. You block the ice devil's attack.
Aiming: Thunderbolt
Press: ? - help, Shift-Dir - straight line, f - Josephine
Aim: Josephine, wielding a +0 dagger of electrocution and wearing a +0 robe of willpower (lightly wounded)
The thunderbolt hits Josephine!!
Josephine is heavily wounded.
The lightning rod overheats!
The ice devil hits you. The ice devil freezes you!!
* * * LOW HITPOINT WARNING * * *
The orc warrior completely misses you. The sixfirhy completely misses you.
The gnoll barely misses you. Josephine completely misses you.
The orc warrior completely misses you. The ice devil completely misses you.
The orc warrior completely misses you.
You climb upwards.
There is a stone staircase leading down, spattered with blood here.
Items here: )) [[.
Casting: Ensorcelled Hibernation (safe; 1% risk of failure)
Confirm with . or Enter, or press ? or * to list all spells.
Aiming: Ensorcelled Hibernation (safe; 1% risk of failure)
Press: ? - help, Shift-Dir - straight line, f - Josephine
Aim: Josephine, wielding a +0 dagger of electrocution and wearing a +0 robe of willpower (heavily wounded, chance to affect: 10%)
Okay, then.
Casting: Ensorcelled Hibernation (safe; 1% risk of failure)
Confirm with . or Enter, or press ? or * to list all spells.
Aiming: Ensorcelled Hibernation (safe; 1% risk of failure)
Press: ? - help, Shift-Dir - straight line, f - orc warrior
Aim: an orc warrior, wielding a +0 short sword and wearing a +0 plate armour (chance to affect: 71%)
The orc warrior struggles to resist.
Josephine completely misses you. You block the orc warrior's attack.
Casting: Ensorcelled Hibernation (safe; 1% risk of failure)
Confirm with . or Enter, or press ? or * to list all spells.
Aiming: Ensorcelled Hibernation (safe; 1% risk of failure)
Press: ? - help, Shift-Dir - straight line, f/p - orc warrior
Aim: an orc warrior, wielding a +0 short sword and wearing a +0 plate armour (chance to affect: 71%)
The orc warrior struggles to resist.
Josephine hits you but does no damage.
You are electrocuted!
* * * LOW HITPOINT WARNING * * *
The orc warrior hits you with a +0 short sword.
* * * LOW HITPOINT WARNING * * *
Casting: Ensorcelled Hibernation (safe; 1% risk of failure)
Confirm with . or Enter, or press ? or * to list all spells.
Aiming: Ensorcelled Hibernation (safe; 1% risk of failure)
Press: ? - help, Shift-Dir - straight line, f/p - orc warrior
Aim: an orc warrior, wielding a +0 short sword and wearing a +0 plate armour (chance to affect: 71%)
The orc warrior struggles to resist.
Josephine is infused with unholy energy.
You die...

#####......#......##.## ####
##.##...........#......###..##
#...##.........#......##.....#
##.###.......###.....##.....##
#.....#.......#.......##..###
##.........#......#.......#
#.....#.......)..........##
##.###....#.[o[.)......###
#####.....[[@@)......###
###.........[.......#.##
##.#..#.................#
#.....#.................##
##...#...................#
##.##..............#....##
####....................#
##.......#.##.##....##
##.#....##.#######..##


You could see Josephine and an orc warrior.

Vanquished Creatures
  Jorgrun (D:13)
  Rupert (D:12)
  Frances (D:12)
  A minotaur (Gauntlet)
  9 hydras
  4 boulder beetles
  5 two-headed ogres
  4 death yaks
  An orc high priest (D:10)
  Sonja (D:13)
  Nergalle (D:11)
  3 unseen horrors
  A lindwurm (Lair:6)
  2 bog bodies (Lair:4)
  A wolf spider (Lair:6)
  3 ugly things
  2 cyclopes (D:13)
  2 orc sorcerers (Orc:1)
  A manticore (D:12)
  5 elephants
  A guardian serpent (Lair:6)
  11 black mambas
  14 cane toads
  Joseph (D:7)
  A gargoyle (D:11)
  3 rime drakes
  A centaur skeleton (D:12)
  10 komodo dragons
  An efreet (D:13)
  4 trolls
  23 blink frogs
  6 slime creatures (D:13)
  3 polar bears
  A raiju (Gauntlet)
  4 hornets
  A dancing weapon (D:7)
  2 redbacks (Lair:6)
  2 shadows
  6 wraiths
  63 yaks
  18 wyverns
  3 vampire mosquitoes (D:10)
  2 steam dragons
  7 basilisks
  3 two-headed ogre zombies (D:10)
  3 nagas (Lair:3)
  3 swamp worms (Lair:4)
  A warg (D:10)
  20 water moccasins
  7 orc warriors
  2 sky beasts
  13 ice beasts
  An eye of draining (D:13)
  2 black bears
  5 ogres
  18 wolves
  4 phantoms
  5 centaurs
  2 kobold brigands
  19 bullfrogs
  A gnoll sergeant (D:4)
  3 scorpions
  2 troll zombies (D:10)
  18 killer bees
  11 wights
  2 howler monkeys
  5 electric eels
  2 quasits
  10 hounds
  2 bullfrog zombies
  2 jellies
  9 orc priests
  3 bullfrog skeletons
  9 worker ants
  2 iguanas
  15 orc wizards
  3 ogre zombies (D:10)
  The ghost of Snicker the Sneak, a weakling DsDe (D:4)
  A howler monkey zombie (D:8)
  Robin (D:1)
  13 gnolls
  2 howler monkey skeletons
  11 adders
  2 shadow imps
  A white imp (D:7)
  An ufetubus (D:5)
  An ooze (D:1)
  3 worms (D:2)
  A dart slug (D:2)
  4 leopard geckos
  65 orcs
  3 ball pythons
  9 bats
  A giant cockroach (D:5)
  18 goblins
  8 hobgoblins
  8 jackals
  2 quokkas (D:4)
  4 frilled lizards
  A giant cockroach zombie (D:5)
  2 goblin skeletons (D:10)
  3 goblin zombies (D:10)
  A hobgoblin skeleton (D:10)
  4 hobgoblin zombies (D:10)
  12 kobolds
  A leopard gecko skeleton (D:6)
  2 orc skeletons (D:10)
  12 orc zombies (D:10)
  5 rats
647 creatures vanquished.

Vanquished Creatures (collateral kills)
  A two-headed ogre (D:11)
  A basilisk (D:9)
  A naga (Lair:3)
  An orc warrior (D:6)
  5 ogres
  4 wights
  A hound (D:9)
  An orc priest (D:8)
  3 gnolls
  6 orcs
24 creatures vanquished.

Vanquished Creatures (others)
  A dancing weapon (D:6)
  2 bushes (Lair:6)
  86 fungi
  145 plants
  6 toadstools (D:4)
240 creatures vanquished.

Grand Total: 911 creatures vanquished

Notes
Turn   | Place    | Note
-------+----------+-------------------------------------------
     0 | D:1      | rednaxela the Spriggan Enchanter began the quest for the
                  | Orb.
     0 | D:1      | Reached XP level 1. HP: 9/9 MP: 5/5
   368 | D:1      | Reached skill level 3 in Spellcasting
   506 | D:1      | Reached skill level 4 in Hexes
   506 | D:1      | Reached XP level 2. HP: 13/13 MP: 7/7
  1052 | D:2      | Learned a level 2 spell: Ensorcelled Hibernation
  1236 | D:2      | Reached XP level 3. HP: 16/16 MP: 6/9
  1399 | D:2      | Noticed Robin
  1701 | D:2      | Reached skill level 4 in Spellcasting
  1779 | D:2      | Learned a level 3 spell: Confusing Touch
  1783 | D:2      | Learned a level 3 spell: Tukima's Dance
  2127 | D:2      | Found a sacrificial altar of Ru.
  2142 | D:2      | Found a glowing silver altar of Zin.
  2518 | D:1      | Killed Robin
  2519 | D:1      | Reached skill level 5 in Hexes
  2519 | D:1      | Reached XP level 4. HP: 14/21 MP: 2/11
  3334 | D:3      | Found an opulent altar of Gozag.
  3516 | D:3      | Found a basalt altar of Yredelemnul.
  3958 | D:3      | Found a hazy altar of Hepliaklqana.
  3961 | D:3      | Found a shimmering altar of Xom.
  3962 | D:3      | Noticed a spectral ugly thing
  4134 | D:4      | Reached XP level 5. HP: 20/24 MP: 13/13
  4180 | D:4      | Reached skill level 5 in Spellcasting
  4523 | D:4      | Identified the +5 kite shield of the Sailor {rPois Str+5}
  4543 | D:4      | Found a transporter.
  4557 | D:5      | Entered Level 5 of the Dungeon
  4565 | D:5      | Reached skill level 6 in Hexes
  4786 | D:4      | Noticed a phantom
  4815 | D:4      | Killed a phantom
  4816 | D:4      | Reached skill level 6 in Spellcasting
  4816 | D:4      | Reached XP level 6. HP: 19/28 MP: 12/16
  4871 | D:4      | Found a transporter.
  5237 | D:5      | Reached skill level 7 in Hexes
  5629 | D:5      | Reached XP level 7. HP: 16/32 MP: 4/18
  5867 | D:5      | Found Mumig's Assorted Antiques.
  5870 | D:5      | Bought a paperback book for 300 gold pieces
  5870 | D:5      | Bought a scroll labelled VINKOU DAUC for 20 gold pieces
  5961 | D:5      | Learned a level 6 spell: Eringya's Noxious Bog
  6148 | D:5      | Reached skill level 1 in Transmutations
  6290 | D:5      | Reached skill level 7 in Spellcasting
  6290 | D:5      | Reached skill level 1 in Poison Magic
  6304 | D:5      | Reached skill level 2 in Transmutations
  6460 | D:5      | Reached skill level 2 in Poison Magic
  6543 | D:5      | Reached skill level 3 in Transmutations
  6727 | D:5      | Reached skill level 4 in Transmutations
  6727 | D:5      | Reached skill level 3 in Poison Magic
  6954 | D:6      | Reached XP level 8. HP: 36/36 MP: 17/20
  6983 | D:6      | You fall into a shaft and drop 2 floors!
  7006 | D:7      | Found an ornate altar of the Wu Jian Council.
  7006 | D:7      | Found a bloodstained altar of Trog.
  7343 | D:8      | Reached skill level 5 in Transmutations
  7726 | D:8      | Reached skill level 4 in Poison Magic
  7761 | D:8      | Found a sparkling altar of Nemelex Xobeh.
  7814 | D:8      | Reached skill level 8 in Spellcasting
  7814 | D:8      | Reached skill level 6 in Transmutations
  8045 | D:7      | Noticed a purple ugly thing
  8492 | D:6      | Reached skill level 5 in Poison Magic
  8596 | D:6      | Reached skill level 7 in Transmutations
  9180 | D:7      | Reached XP level 9. HP: 36/39 MP: 13/22
  9373 | D:7      | Killed a purple ugly thing
  9374 | D:7      | Reached skill level 9 in Spellcasting
  9374 | D:7      | Reached skill level 8 in Transmutations
  9374 | D:7      | Reached skill level 6 in Poison Magic
  9515 | D:7      | Reached skill level 3 in Dodging
  9721 | D:7      | Found a shimmering blue altar of Sif Muna.
  9723 | D:7      | Found a radiant altar of Vehumet.
  9730 | D:7      | Found a shadowy altar of Dithmenos.
  9730 | D:7      | Found an ancient bone altar of Kikubaaqudgha.
  9731 | D:7      | Found a hide-covered altar of Uskayaw.
  9731 | D:7      | Found a broken altar of Ashenzari.
  9732 | D:7      | Found a snail-covered altar of Cheibriados.
  9734 | D:7      | Reached skill level 4 in Dodging
  9754 | D:7      | Reached skill level 5 in Dodging
 10239 | D:7      | Reached skill level 6 in Dodging
 10249 | D:7      | Became a worshipper of Sif Muna the Loreminder
 10452 | D:7      | Noticed Joseph
 10475 | D:7      | Killed Joseph
 10476 | D:7      | Reached skill level 7 in Dodging
 10665 | D:7      | Reached skill level 8 in Dodging
 10932 | D:7      | Found a staircase to the Ecumenical Temple.
 11115 | D:7      | Reached skill level 9 in Dodging
 11196 | D:7      | Learned a level 3 spell: Stone Arrow
 11392 | D:8      | Reached skill level 1 in Earth Magic
 11589 | D:9      | Reached * piety under Sif Muna
 11766 | D:8      | Reached skill level 2 in Earth Magic
 11771 | D:8      | Reached XP level 10. HP: 44/44 MP: 18/24
 12225 | D:8      | Reached skill level 3 in Earth Magic
 12809 | D:9      | Noticed an unseen horror
 12815 | D:9      | Noticed a seven-headed hydra
 12830 | D:9      | Killed an unseen horror
 12831 | D:9      | Reached skill level 4 in Earth Magic
 12938 | D:9      | Reached skill level 5 in Earth Magic
 13101 | D:9      | Noticed a two-headed ogre
 13271 | D:8      | Killed a two-headed ogre
 13272 | D:8      | Reached skill level 6 in Earth Magic
 13885 | D:9      | Killed a seven-headed hydra
 13886 | D:9      | Reached skill level 7 in Earth Magic
 14246 | D:9      | Reached skill level 8 in Earth Magic
 14578 | D:10     | Entered Level 10 of the Dungeon
 14578 | D:10     | Noticed a two-headed ogre
 14603 | D:9      | Killed a two-headed ogre
 14604 | D:9      | Reached skill level 2 in Short Blades
 14604 | D:9      | Reached skill level 8 in Hexes
 14663 | D:9      | Reached XP level 11. HP: 47/47 MP: 19/25
 14926 | D:5      | Bought a metal-bound book for 300 gold pieces
 15057 | D:9      | Noticed an unseen horror
 15089 | D:9      | Killed an unseen horror
 15090 | D:9      | Reached skill level 3 in Short Blades
 15466 | D:10     | Found a staircase to the Orcish Mines.
 15843 | D:10     | Reached ** piety under Sif Muna
 15854 | D:10     | Reached skill level 4 in Short Blades
 15854 | D:10     | Reached skill level 9 in Hexes
 16688 | D:10     | Reached skill level 5 in Short Blades
 17467 | D:11     | Found an iron altar of Okawaru.
 17932 | D:11     | Reached skill level 10 in Hexes
 18023 | D:11     | Found a staircase to the Lair.
 18023 | D:11     | Noticed a two-headed ogre
 18047 | D:11     | Reached skill level 6 in Short Blades
 18107 | D:11     | Reached *** piety under Sif Muna
 18288 | D:11     | Reached skill level 7 in Short Blades
 18979 | D:11     | Noticed Nergalle
 19036 | D:11     | Noticed a boulder beetle
 19052 | D:11     | Killed a two-headed ogre
 19053 | D:11     | Reached skill level 8 in Short Blades
 19271 | Lair:1   | Entered Level 1 of the Lair of Beasts
 19333 | D:11     | Reached skill level 1 in Invocations
 19543 | Lair:1   | Reached skill level 2 in Invocations
 19596 | Lair:1   | Noticed a five-headed hydra
 19603 | Lair:1   | Killed a five-headed hydra
 19604 | Lair:1   | Reached skill level 3 in Invocations
 19621 | Lair:1   | Learned a level 4 spell: Petrify
 19627 | Lair:1   | Learned a level 5 spell: Yara's Violent Unravelling
 19691 | Lair:1   | Reached skill level 4 in Invocations
 19843 | Lair:1   | Reached XP level 12. HP: 48/51 MP: 17/26
 19885 | Lair:1   | Reached skill level 5 in Invocations
 20221 | Lair:1   | Noticed a five-headed hydra
 20263 | Lair:1   | Killed a five-headed hydra
 20264 | Lair:1   | Reached skill level 6 in Invocations
 20957 | Lair:2   | Reached skill level 7 in Invocations
 21088 | Lair:2   | Reached skill level 8 in Invocations
 21114 | Lair:2   | HP: 1/51 [rime drake/flash freeze (25)]
 21127 | Lair:2   | Reached skill level 1 in Evocations
 21132 | Lair:2   | Noticed an eight-headed hydra
 21145 | Lair:2   | Killed an eight-headed hydra
 21146 | Lair:2   | Reached skill level 1 in Fighting
 21146 | Lair:2   | Reached skill level 2 in Evocations
 21157 | Lair:2   | Found a gate leading to a gauntlet.
 21169 | Gauntlet | Entered a Gauntlet
 21169 | Gauntlet | Found a transporter.
 21169 | Gauntlet | Found a transporter.
 21169 | Gauntlet | Noticed a hell hog
 21316 | Gauntlet | Found a transporter.
 21317 | Gauntlet | Found a transporter.
 21326 | Gauntlet | Found a transporter.
 21393 | Gauntlet | Found a transporter.
 21409 | Gauntlet | Found a transporter.
 21418 | Gauntlet | Found a transporter.
 21429 | Gauntlet | Found a transporter.
 21443 | Gauntlet | Found a transporter.
 21449 | Gauntlet | Found a transporter.
 21474 | Gauntlet | Found a transporter.
 21532 | Gauntlet | Reached skill level 3 in Evocations
 21616 | Gauntlet | Reached skill level 2 in Fighting
 21616 | Gauntlet | Reached **** piety under Sif Muna
 21707 | Gauntlet | Gained mutation: Potions are less effective at restoring
                  | your health. [potion of mutation]
 21707 | Gauntlet | Gained mutation: Armour fits poorly on your strangely
                  | shaped body. [potion of mutation]
 21707 | Gauntlet | Gained mutation: You are strong-willed. (Will+) [potion of
                  | mutation]
 21708 | Gauntlet | Gained mutation: You are weak. (Str -2) [potion of
                  | mutation]
 21708 | Gauntlet | Gained mutation: You can translocate small distances at
                  | will. [potion of mutation]
 21708 | Gauntlet | Gained mutation: You are partially covered in icy blue
                  | scales. (AC +2) [potion of mutation]
 21748 | Gauntlet | Identified the ring of Qytsaigu {MP+9 Dex+2}
 21748 | Gauntlet | Noticed a minotaur
 21755 | Gauntlet | Killed a minotaur
 21756 | Gauntlet | Reached skill level 4 in Evocations
 21963 | Lair:2   | Reached skill level 3 in Fighting
 21973 | Lair:2   | Reached skill level 5 in Evocations
 22565 | Lair:2   | Reached skill level 6 in Evocations
 22747 | Lair:2   | Reached skill level 4 in Fighting
 23167 | Lair:2   | Reached skill level 7 in Evocations
 23480 | Lair:3   | Noticed a seven-headed hydra
 23523 | Lair:3   | Killed a seven-headed hydra
 23683 | Lair:3   | Found a staircase to the Snake Pit.
 23806 | Lair:3   | Reached XP level 13. HP: 63/63 MP: 17/27
 24082 | Lair:3   | Reached skill level 5 in Fighting
 24084 | Lair:3   | Reached skill level 8 in Evocations
 25118 | Lair:4   | Reached skill level 9 in Evocations
 25525 | Lair:4   | Reached skill level 6 in Fighting
 26243 | Lair:4   | Found a staircase to the Swamp.
 26665 | Lair:5   | Reached skill level 10 in Evocations
 27012 | Lair:5   | Reached skill level 5 in Stealth
 27371 | Lair:5   | Reached skill level 6 in Stealth
 27391 | Lair:5   | Reached skill level 7 in Fighting
 27462 | Lair:5   | Reached skill level 7 in Stealth
 28377 | Lair:5   | Found a viscous altar of Jiyva.
 28378 | Lair:5   | Found a staircase to the Slime Pits.
 28438 | Lair:5   | Reached skill level 8 in Stealth
 28599 | Lair:6   | Entered Level 6 of the Lair of Beasts
 29181 | Lair:5   | Reached skill level 9 in Stealth
 29414 | Lair:5   | Reached skill level 8 in Fighting
 29548 | Lair:5   | Reached skill level 10 in Stealth
 29689 | Lair:6   | Reached ***** piety under Sif Muna
 29689 | Lair:6   | Identified Icet's Handbook of Transformation and
                  | Enchantment (Sif Muna gifted it to you on level 6 of the
                  | Lair of Beasts)
 29689 | Lair:6   | Received a gift from Sif Muna
 29838 | Lair:6   | Reached XP level 14. HP: 73/73 MP: 23/28
 30016 | Lair:6   | Reached skill level 10 in Dodging
 30170 | Lair:6   | Reached skill level 10 in Spellcasting
 30898 | Lair:6   | Reached skill level 11 in Spellcasting
 31939 | Lair:5   | Reached skill level 12 in Spellcasting
 32032 | Lair:6   | Found a runed translucent gate.
 32033 | Lair:6   | Found a runed translucent gate.
 32123 | Lair:6   | Found a runed translucent gate.
 33044 | D:11     | Reached skill level 13 in Spellcasting
 33284 | D:11     | Found a staircase to the Lair.
 33748 | D:11     | Killed Nergalle
 33851 | D:11     | Found an iron altar of Okawaru.
 34332 | D:4      | Noticed Snicker's ghost (weakling DsDe)
 34569 | D:4      | Killed Snicker's ghost
 34796 | D:5      | Bought an embroidered cloak for 150 gold pieces
 35113 | D:12     | Identified Sif Muna's Volume of the Rocks and Contamination
                  | (Sif Muna gifted it to you on level 12 of the Dungeon)
 35113 | D:12     | Received a gift from Sif Muna
 35132 | D:11     | Learned a level 5 spell: Lee's Rapid Deconstruction
 35138 | D:11     | Learned a level 5 spell: Borgnjor's Vile Clutch
 35545 | D:12     | Noticed Rupert
 35643 | D:12     | Killed Rupert
 35782 | D:12     | Reached skill level 9 in Earth Magic
 35911 | D:12     | Noticed Frances
 35929 | D:12     | Killed Frances
 36848 | D:13     | Found a flagged portal.
 36869 | D:13     | Noticed Sonja
 36874 | D:13     | Killed Sonja
 36875 | D:13     | Reached skill level 10 in Earth Magic
 37482 | D:13     | Reached XP level 15. HP: 77/77 MP: 28/33
 37991 | D:13     | Noticed Jorgrun
 38014 | D:13     | Killed Jorgrun
 38015 | D:13     | Reached skill level 11 in Earth Magic
 38527 | Orc:1    | Entered Level 1 of the Orcish Mines
 40032 | Orc:2    | Entered Level 2 of the Orcish Mines
 40168 | Orc:2    | Noticed Josephine
 40883 | Orc:1    | Killed from afar by Josephine

Illustrated notes

Levels and vault maps discovered:
D:1:      minmay_arrival_hallway, layout_basic, minmay_misc_feat_rows
D:2:      layout_basic, general_overflow_altar, lemuel_doored_altar, uniq_robin
D:3:      layout_loops_ring, regret_index_temple_of_mockery,
          yredelemnul_altar_generic, grunt_gozag_breadcrumbs
D:4:      layout_basic, gammafunk_ghost_gnarly_gnolls, minmay_gold_behind_fungi
D:5:      layout_basic, serial_shops, nicolae_shop_behind_doors
D:6:      layout_basic
D:7:      layout_loops_ring, grunt_temple_overflow_open,
          nicolae_overflow_hidden_temple, temple_hall_moat, corner_web_ring,
          uniq_joseph
D:8:      layout_loops_ring, nemelex_xobeh_ov_fountains_minmay, nicolae_wwwww
D:9:      layout_gridville, minmay_fractal_squares_gapless_7
D:10:     layout_gridville, zombieorc2_lemuel
D:11:     layout_basic, david_lair_shrubbed, basic_altar, uniq_nergalle
D:12:     layout_cave_pods, portal_ice_cave_entry_ice_beasts, uniq_frances,
          uniq_rupert
D:13:     layout_loops_ring, lightli_bailey_entry_fortress, uniq_jorgrun,
          uniq_sonja
Lair:1:   layout_gridlike
Lair:2:   layout_cave_pods, gauntlet_entry_generic
Lair:3:   layout_gridlike, minmay_snake_entry_guardpost_small,
          grunt_megastairs_3
Lair:4:   layout_cellular_growth, nicolae_swamp_entry_splash_gauntlet,
          serial_bayou, serial_bayou_pond_c, serial_bayou_crossing,
          serial_bayou_pond_c, serial_bayou_pond_a, grunt_forest_stairs_basic
Lair:5:   layout_cave_pods, dpeg_slime_entry_enclosed_altar,
          kennysheep_basilisk_garden, serial_bayou_shore_a
Lair:6:   hangedman_lair_tendril_chambers, layout_regular_city,
          gammafunk_ghost_ooze, minmay_hedge_maze
Orc:1:    layout_caves, abandoned_shop
Orc:2:    grunt_orc_gardens, layout_caves, grunt_orc_garden, grunt_orc_garden,
          grunt_orc_garden, grunt_orc_garden, serial_shops,
          nicolae_shop_overgrown_old_shop, shop, uniq_josephine

Skill      XL: |  1  2  3  4  5  6  7  8  9 10 11 12 13 14 15 |
---------------+----------------------------------------------+-----
Spellcasting   | 3 4 6 7 8 9 13 | 13.5
Hexes          | 4 5 6 7 8 10 | 10.0
Transmutations | 4 7 8 |  8.0
Poison Magic   | 3 5 6 |  6.0
Dodging        | 9 10 | 10.0
Earth Magic    | 2 8 10 11 | 11.5
Short Blades   | 2 8 |  8.4
Invocations    | 4 8 |  8.0
Evocations     | 7 10 | 10.0
Fighting       | 4 8 |  8.0
Stealth        | 10 | 10.0

Action                   |  1- 3 |  4- 6 |  7- 9 | 10-12 | 13-15 || total
-------------------------+-------+-------+-------+-------+-------++-------
Melee: Dagger            |   132 |   151 |   444 |   284 |       ||  1011
       Trident           |       |       |       |    35 |       ||    35
       Rapier            |       |       |       |   273 |   519 ||   792
Throw: Stone             |    23 |       |       |     2 |       ||    25
       Dart              |       |       |       |    32 |     1 ||    33
 Cast: Ensorcelled Hiber |    11 |    29 |    98 |   115 |   208 ||   461
       Confusing Touch   |       |     7 |    44 |    64 |    31 ||   146
       Tukima's Dance    |       |     3 |    26 |    16 |    12 ||    57
       Corona            |       |     1 |       |       |       ||     1
       Eringya's Noxious |       |       |     1 |       |       ||     1
       Stone Arrow       |       |       |       |   130 |   235 ||   365
       Lee's Rapid Decon |       |       |       |       |    11 ||    11
       Borgnjor's Vile C |       |       |       |       |     6 ||     6
       Petrify           |       |       |       |       |    14 ||    14
       Yara's Violent Un |       |       |       |       |     4 ||     4
       Lehudib's Crystal |       |       |       |       |     2 ||     2
Invok: Channel Magic     |       |       |       |     2 |     2 ||     4
       Divine Exegesis   |       |       |       |       |     2 ||     2
 Abil: Evoke Flight      |       |       |     1 |       |       ||     1
Evoke: Lightning rod     |       |       |       |     3 |     8 ||    11
       Wand              |       |       |       |     2 |     5 ||     7
  Use: Potion            |     2 |       |       |     6 |     3 ||    11
       Scroll            |     1 |       |    13 |    16 |     4 ||    34
 Stab: Sleeping          |    12 |    18 |    58 |    71 |   133 ||   292
       Confused          |       |     6 |    34 |    49 |    25 ||   114
       Petrified         |       |       |       |       |     4 ||     4
       Petrifying        |       |       |       |       |     2 ||     2
       Distracted        |       |       |       |       |     1 ||     1
Armor: Robe              |     7 |     9 |    19 |    28 |    32 ||    95
Dodge: Dodged            |   103 |    83 |   375 |   465 |   555 ||  1581
Block: Other             |       |       |    39 |   101 |   126 ||   266
       Reflection        |       |       |       |       |     7 ||     7

Table legend: (Time is in decaauts)
 A = Elapsed time spent in this place.
 B = Non-inter-level travel time spent in this place.
 C = Inter-level travel time spent in this place.
 D = Time resting spent in this place.
 E = Time spent auto-exploring this place.
 F = Levels seen in this place.
 G = Mean time per level.
                   A        B        C        D        E       F      G
               +--------+--------+--------+--------+--------+-----+--------+
         Total |  33101 |  31535 |   1566 |   7795 |  16608 |  22 | 1504.6 |
       Dungeon |  20953 |  19665 |   1288 |   4596 |  10459 |  13 | 1611.8 |
          Lair |  10703 |  10436 |    267 |   2625 |   5664 |   6 | 1783.8 |
  Orcish Mines |    986 |    977 |      9 |    501 |    239 |   2 |  493.0 |
      Gauntlet |    457 |    457 |      0 |     72 |    246 |   1 |  457.0 |
               +--------+--------+--------+--------+--------+-----+--------+

Top non-repeatable levels by time:
  Lair:5: 3659 daAuts
    D:10: 2719 daAuts
     D:9: 2322 daAuts
    D:11: 2316 daAuts
     D:7: 2177 daAuts
     D:8: 1960 daAuts
  Lair:6: 1663 daAuts
     D:5: 1660 daAuts
  Lair:4: 1624 daAuts
    D:12: 1432 daAuts
     D:2: 1387 daAuts
  Lair:3: 1280 daAuts
    D:13: 1264 daAuts
  Lair:2: 1253 daAuts
  Lair:1: 1221 daAuts
